 Dungeon Crawl Stone Soup version 0.30-a0-672-gc3a7216ad8 (webtiles) character file.

Game seed: 4828961854383871570

29 wormed the Insei (level 3, 0/23 HPs)
             Began as an Octopode Transmuter on Jan 19, 2023.
             Slain by a goblin
             ... wielding a +0 club
             ... led by Robin
              (6 damage)
             ... on level 2 of the Dungeon.
             The game lasted 00:00:56 (1024 turns).

wormed the Insei (Octopode Transmuter)              Turns: 1024, Time: 00:00:57

Health: 0/23       AC:  1    Str:  9    XL:     3   Next: 16%
Magic:  2/6        EV: 13    Int: 17    God:
Gold:   115        SH:  0    Dex: 12    Spells: 3/6 levels left

rFire   . . .      SeeInvis .      - Unarmed
rCold   . . .      Faith    .    (no shield)
rNeg    . . .      Spirit   .    (helmet currently unavailable)
rPois   .          Reflect  .    (no amulet)
rElec   .          Harm     .    (no ring)
rCorr   .          Rampage  .    (no ring)
Will    .....                    (no ring)
Stlth   ++                       (no ring)
HPRegen 0.23/turn                (no ring)
MPRegen 0.10/turn                (no ring)
                                 (no ring)
                                 (no ring)

@: appendages (expiring), wereblooded
A: tentacle spike 3, almost no armour, amphibious, 8 rings, camouflage 1,
gelatinous body 1, (nimble swimmer 1), tentacles
a: End Transformation


You were on level 2 of the Dungeon.
One of your tentacles had grown a beastly spike.
You visited 1 branch of the dungeon, and saw 2 of its levels.

You collected 115 gold pieces.

Inventory:

Jewellery
 f - an amulet of faith
Scrolls
 b - a scroll of fear {unknown}
 d - a scroll of noise {unknown}
 g - a scroll of brand weapon {unknown}
 h - a scroll of identify {unknown}
 i - a scroll of enchant weapon {unknown}
Potions
 a - 2 potions of lignification
 c - a potion of resistance {unknown}
 e - a potion of curing {unknown}
 j - a potion of haste {unknown}


   Skills:
 - Level 1.0 Fighting
 - Level 2.0 Dodging
 - Level 3.0 Unarmed Combat
 + Level 2.3 Spellcasting
 * Level 2.9 Transmutations
 + Level 1.1 Ice Magic


You had 3 spell levels left.
You knew the following spells:

 Your Spells              Type           Power      Damage    Failure   Level
a - Beastly Appendage     Tmut           22%        N/A       5%          1
b - Wereblood             Tmut           11%        N/A       9%          2

Your spell library contained the following spells:

 Spells                   Type           Power      Damage    Failure   Level
 Spider Form              Tmut/Pois      6%         N/A       30%         3
 Ice Form                 Ice/Tmut       8%         N/A       63%         4


Dungeon Overview and Level Annotations

Branches:
Dungeon (2/15)

Altars:
Fedhas

Annotations:
D:2 Robin


Innate Abilities, Weirdness & Mutations

One of your tentacles has grown a beastly spike.
You cannot wear most types of armour.
You are amphibious.
You can wear up to eight rings at the same time.
Your skin changes colour to match your surroundings (Stealth+).
Your rubbery body absorbs attacks. (AC +1, EV +1)
((You are camouflaged when in or above water. (Stealth+)))
You have tentacles for arms and can constrict up to eight enemies at once.


Message History

You tentacle-slap the hobgoblin. Your grab misses the hobgoblin.
You pierce the hobgoblin.
Your squeeze misses the hobgoblin.
The hobgoblin is severely wounded.
The hobgoblin misses you.
You completely miss the hobgoblin. You grab the hobgoblin.
Your squeeze misses the hobgoblin.
The hobgoblin is severely wounded.
You constrict the hobgoblin. The hobgoblin hits you.
You tentacle-slap the hobgoblin.
You feel a bit better.
You kill the hobgoblin!
You closely miss the goblin. You grab the goblin. You squeeze the goblin.
You feel a bit better.
You kill the goblin!
Your transformation is almost over.
You tentacle-slap the frilled lizard.
You feel a bit better.
You kill the frilled lizard!
The goblin unwields a +0 club.
The goblin wields a +0 sling.
The goblin shoots a sling bullet.
The sling bullet misses you.
The goblin shoots a sling bullet.
The sling bullet barely misses you.
Items here: ))) †††.
The goblin shoots a sling bullet.
The sling bullet hits you.
The goblin shoots a sling bullet.
The sling bullet barely misses you.
You see here a +0 long sword.
The goblin shouts!
The goblin shoots a sling bullet.
The sling bullet closely misses you.
The goblin unwields a +0 sling.
The goblin wields a +0 club.
The goblin hits you with a +0 club.
Robin roars a battlecry!
The goblins go into a battle-frenzy!
You hear a shout!
You bludgeon the goblin!
You feel a bit better.
You kill the goblin!
Robin throws the goblin at you! The goblin hits you with a +0 club!
* * * LOW HITPOINT WARNING * * *
You are too injured to fight recklessly!
You are too injured to fight recklessly!
You are too injured to fight recklessly!
You are too injured to fight recklessly!
The goblin attacks as you move away! The goblin hits you with a +0 club.
You die... .PP

#...# ..######...####.# PP
.#.... ..........##...##.## ♣♣
♣....# ...#####..###......
P♣♣.PP..## ..# ##.##....#.#
g♣P♣♣....# ..### #.##....#..
.gg♣..##.# #...# #.....#####
......##.# #.#.# ##......# #
....P.##.# #.#.###.....#..# #
...♣..##.####♣♣♣@.).)....####.#
# #.#.P........g.).g..###### #.
#...........g♣♣♣.#.## #..
###..............#.# ...#
##..........##.... ##.
#.........####.... #
#......(..# #####. #.........#
#. #.........# .#


You could see Robin and 2 goblins.

Vanquished Creatures
  2 ball pythons (D:1)
  An endoplasm (D:1)
  7 goblins
  4 hobgoblins
  2 jackals (D:1)
  2 quokkas
  A bat (D:1)
  4 frilled lizards
  A kobold (D:1)
  A rat (D:1)
25 creatures vanquished.

Vanquished Creatures (others)
  A fungus (D:1)
  2 plants (D:2)
3 creatures vanquished.

Grand Total: 28 creatures vanquished

Notes
Turn   | Place    | Note
-------+----------+-------------------------------------------
     0 | D:1      | wormed the Octopode Transmuter began the quest for the Orb.
     0 | D:1      | Reached XP level 1. HP: 13/13 MP: 3/3
   247 | D:1      | Reached XP level 2. HP: 18/18 MP: 3/5
   773 | D:1      | Learned a level 2 spell: Wereblood
   857 | D:2      | Found a blossoming altar of Fedhas.
   868 | D:2      | Identified the +9 dagger of the Wolf {flame, rF+ rN+ Str+3
                  | Dex+3}
   897 | D:2      | Reached skill level 1 in Ice Magic
   981 | D:2      | Noticed Robin
  1013 | D:2      | Reached XP level 3. HP: 12/23 MP: 1/6
  1024 | D:2      | Slain by a goblin

Illustrated notes

Levels and vault maps discovered:
D:1:      heliophobic_arrival_battle_scene, layout_loops_cross,
          dreamdust_mushroom_princess, minivault_4, minmay_misc_feat_x
D:2:      layout_rooms, basic_altar, serial_forest,
          infiniplex_forest_straight_3, infiniplex_forest_clump_tiny,
          infiniplex_forest_clump_curved, infiniplex_forest_end_1,
          infiniplex_forest_lined_3_way, infiniplex_forest_lined_1,
          infiniplex_forest_lined_4_way, infiniplex_forest_lined_room_3,
          infiniplex_forest_straight_1, mrwooster_statue_mirror,
          hangedman_glass_teeth, minmay_heptomino_w4, uniq_robin

Skill      XL: |  1  2 |
---------------+-------+-----
Ice Magic      | 1 |  1.1
Fighting       | |  1.0
Dodging        | |  2.0
Unarmed Combat | |  3.0
Spellcasting   | |  2.3
Transmutations | |  2.9

Action                   || total
-------------------------++-------
Melee: Unarmed           ||    49
       Constrict         ||    12
       Kick              ||    10
       Tentacles         ||    12
 Cast: Beastly Appendage ||    16
       Wereblood         ||     4
 Stab: Sleeping          ||     2
Armor: Skin              ||     7
Dodge: Dodged            ||    34

Table legend: (Time is in decaauts)
 A = Elapsed time spent in this place.
 B = Non-inter-level travel time spent in this place.
 C = Inter-level travel time spent in this place.
 D = Time resting spent in this place.
 E = Time spent auto-exploring this place.
 F = Levels seen in this place.
 G = Mean time per level.
                   A        B        C        D        E       F      G
               +--------+--------+--------+--------+--------+-----+--------+
         Total |   1021 |    999 |     22 |      0 |    831 |   2 |  510.5 |
       Dungeon |   1021 |    999 |     22 |      0 |    831 |   2 |  510.5 |
               +--------+--------+--------+--------+--------+-----+--------+

Top non-repeatable levels by time:
     D:1: 794 daAuts
     D:2: 227 daAuts
